 Dungeon Crawl Stone Soup version 0.29-a0-311-gcbd9eb2193 (webtiles) character file.

Game seed: 18053036103420952123

24380 wakim the Zephyrmancer (level 13, -3/79 HPs)
             Began as a Tengu Air Elementalist on Mar 28, 2022.
             Was an Elder of Vehumet.
             Killed from afar by a rime drake (13 damage)
             ... with a flash freeze
             ... on level 4 of the Lair of Beasts.
             The game lasted 01:02:44 (20632 turns).

wakim the Zephyrmancer (Tengu Air Elementalist)    Turns: 20632, Time: 01:02:45

Health: -3/79      AC:  6    Str:  9    XL:     13   Next: 12%
Magic:  4/26       EV: 20    Int: 29    God:    Vehumet [****..]
Gold:   738        SH:  0    Dex: 18    Spells: 8/28 levels left

rFire   . . .      SeeInvis .   a - +5 rapier of the Goat {vamp, rC+ Dex+2}
rCold   + . .      Faith    .   (no shield)
rNeg    . . .      Spirit   .   N - +0 steam dragon scales
rPois   +          Reflect  .   (helmet restricted)
rElec   .          Harm     .   Z - +0 cloak
rCorr   .          Rampage  .   (no gloves)
Will    +....                   (boots unavailable)
Stlth   +++.......              (no amulet)
HPRegen 0.23/turn               S - ring "Beth" {Drain rPois Will+ Int+4}
MPRegen 0.20/turn               G - +6 ring of intelligence

@: flying quickly and evasively, quick
A: beak, talons 3, nimble flight
a: Renounce Religion


You were on level 4 of the Lair of Beasts.
You worshipped Vehumet.
Vehumet was greatly pleased with you.
You visited 3 branches of the dungeon, and saw 14 of its levels.

You collected 784 gold pieces.
You spent 46 gold pieces at shops.

Inventory:

Hand Weapons
 a - the +5 rapier of the Goat (weapon) {vamp, rC+ Dex+2}
   (You took it off a kobold brigand on level 7 of the Dungeon)

   It occasionally heals its wielder for a portion of the damage dealt when it
   wounds a living foe.
   Dex:       It affects your dexterity (+2).
   rC:        It protects you from cold.
 b - a +2 short sword of venom
 I - the +11 short sword of Yxtal {drain, MP+9}
   (You took it off a merfolk siren on level 2 of the Lair of Beasts)

   A truly terrible weapon, it drains the life of any living foe it strikes.
   MP:        It affects your magic capacity (+9).
Missiles
 P - 8 curare-tipped darts {=f}
Armour
 A - a +2 leather armour of fire resistance
 N - +0 steam dragon scales (worn)
 Z - a +0 cloak (worn)
Jewellery
 E - a +6 ring of intelligence
 G - a +6 ring of intelligence (right hand)
 L - a ring of magical power
 M - a +4 ring of protection
 S - the ring "Beth" (left hand) {Drain rPois Will+ Int+4}
   (You acquired it on level 7 of the Dungeon)

   [ring of willpower]

   Int:       It affects your intelligence (+4).
   rPois:     It protects you from poison.
   Drain:     It drains your maximum health when unequipped.
   Will:      It increases your willpower.
 V - a ring of positive energy
Wands
 t - a wand of digging (4)
 u - a wand of mindburst (13)
 v - a wand of flame (2)
 w - a wand of acid (15)
 x - a wand of charming (7)
 y - a wand of paralysis (11)
Scrolls
 r - 2 scrolls of identify
 Q - a scroll of immolation {!r!r}
 R - 6 scrolls of magic mapping {!r}
 T - 5 scrolls of teleportation
 U - 2 scrolls of enchant weapon
 W - 3 scrolls of enchant armour
 X - a scroll of fog
 Y - a scroll of blinking {!r}
Potions
 B - 3 potions of attraction {!q}
 C - a potion of berserk rage {!q}
 D - a potion of brilliance
 F - 6 potions of curing
 H - 2 potions of haste
 J - a potion of heal wounds
 K - a potion of magic
 O - a potion of resistance


   Skills:
 + Level 8.7 Fighting
 + Level 6.8 Short Blades
 * Level 8.0 Dodging
 - Level 5.0 Stealth
 - Level 8.0 Spellcasting
 + Level 9.4 Conjurations
 - Level 3.2 Hexes
 - Level 4.0 Fire Magic
 - Level 14.0 Air Magic
 - Level 2.0 Earth Magic
 - Level 5.0 Evocations


You had 8 spell levels left.
You knew the following spells:

 Your Spells              Type           Power      Damage    Failure   Level
a - Shock                 Conj/Air       100%       1d9       1%          1
b - Airstrike             Air            37%        N/A       1%          4
c - Inner Flame           Hex/Fire       32%        N/A       1%          3
d - Static Discharge      Conj/Air       68%        N/A       1%          2
q - Sticky Flame          Conj/Fire      50%        2d7       1%          4
s - Swiftness             Air            75%        N/A       1%          3
x - Stone Arrow           Conj/Erth      88%        3d12      1%          3

Your spell library contained the following spells:

 Spells                   Type           Power      Damage    Failure   Level
 Sandblast                Erth           46%        2d11      1%          1
 Corpse Rot               Necr/Air       100%       N/A       1%          2
 Poisonous Vapours        Pois/Air       100%       N/A       1%          2
 Tukima's Dance           Hex            30%        N/A       3%          3
 Passwall                 Tmut/Erth      14%        N/A       4%          2
 Yara's Violent Unravell  Hex/Tmut       10%        3d6       17%         5
 Animate Armour           Summ/Erth      34%        N/A       30%         4
 Passage of Golubria      Tloc           11%        N/A       41%         4
 Lehudib's Crystal Spear  Conj/Erth      22%        10d6      99%         8


Dungeon Overview and Level Annotations

Branches:
Dungeon (9/15)             Temple (1/1) D:6            Lair (4/6) D:9
 Shoals (0/4) Lair:2        Snake (0/4) Lair:3
    Orc: D:9-12

Altars:
Ashenzari
Cheibriados
Dithmenos
Elyvilon
Fedhas
Gozag
Hepliaklqana
Kikubaaqudgha
Makhleb
Nemelex Xobeh
Okawaru
Qazlal
Ru
Sif Muna
Trog
Uskayaw
Vehumet
Wu Jian
Xom
Yredelemnul
Zin
The Shining One

Shops:
D:7 [*

Annotations:
D:9 2 transporters, robertstho's ghost, novice DEFE
Lair:3 exclusions: freezing wraith and ice dragon


Innate Abilities, Weirdness & Mutations

You have a beak for a mouth.
You have claws for feet.
Your magical nature lets you fly swiftly and evasively.


Message History

The ice encasing you melts away.
The death yak burns!
The death yak burns!
The rime drake breathes ice at you. The flash freeze hits you!
You partially resist.
You are encased in ice. 43/79 (-10)
The death yak burns!
The ice encasing you melts away.
The death yak burns!
The death yak barely misses you. 44/79 (+1)
The death yak burns!
The rime drake breathes ice at you. The flash freeze hits you!!
You partially resist.
* * * LOW HITPOINT WARNING * * *
You are encased in ice. 26/79 (-18)
The rime drake attacks as you move away!
The rime drake barely misses you.
The death yak burns! x2
The death yak attacks as you move away! The death yak gores you.
* * * LOW HITPOINT WARNING * * *
The ice encasing you melts away.
The death yak burns! 23/79 (-3)
The death yak burns! 24/79 (+1)
The death yak burns!
The death yak stops burning.
The rime drake breathes ice at you. The flash freeze hits you!
You partially resist.
* * * LOW HITPOINT WARNING * * *
You are encased in ice. 9/79 (-15)
The death yak gores the plant!!
The plant begins to die. 10/79 (+1)
The ice encasing you melts away. The rime drake breathes ice at you.
The flash freeze misses you. The rime drake breathes ice at you.
The flash freeze hits you! You partially resist.
You die...

#...........#......
#..#...#...........
##.#..##..#.#......
#.#...PP.#.##P.....
##.....YYY## #####.
##....Y....#
#.....k...##
#.........#
#<@.......#
#.........#
#.........##
###......##
#......# ###..###
#P#. #####


You could see 3 death yaks, a yak and a rime drake (catching breath).

Vanquished Creatures
  A hydra (Lair:1)
  A two-headed ogre (D:9)
  A death yak (Lair:4)
  A black mamba (Lair:3)
  Joseph (Lair:1)
  A manticore (D:9)
  A merfolk siren (Lair:2)
  8 cane toads
  6 komodo dragons
  3 rime drakes
  An ice devil (Lair:3)
  A burning bush (Lair:1)
  2 polar bears (Lair:1)
  5 blink frogs (Lair:3)
  A wraith (D:9)
  2 wyverns
  2 steam dragons
  65 yaks
  2 basilisks
  A naga (Lair:3)
  8 water moccasins
  3 ice beasts
  3 orc warriors
  A sky beast (D:7)
  9 wolves
  A centaur (D:8)
  4 kobold brigands
  11 bullfrogs
  A gnoll sergeant (D:7)
  3 wights (D:7)
  3 killer bees (D:9)
  2 howler monkeys
  3 hounds
  A jelly (D:8)
  2 gnoll shamans
  3 orc priests
  Crazy Yiuf (D:5)
  6 orc wizards
  Terence (D:2)
  8 gnolls
  12 adders
  A shadow imp (D:7)
  A white imp (D:8)
  3 worms
  A dart slug (D:4)
  20 orcs
  7 ball pythons
  9 endoplasms
  A giant cockroach (D:2)
  5 goblins
  9 hobgoblins
  A jackal (D:3)
  3 quokkas (D:3)
  6 bats
  3 frilled lizards
  25 kobolds
  5 rats
  A bush (Lair:1)
  2 butterflies (Lair:1)
295 creatures vanquished.

Vanquished Creatures (others)
  12 fungi
  25 plants
37 creatures vanquished.

Grand Total: 332 creatures vanquished

Notes
Turn   | Place    | Note
-------+----------+-------------------------------------------
     0 | D:1      | wakim the Tengu Air Elementalist began the quest for the
                  | Orb.
     0 | D:1      | Reached XP level 1. HP: 10/10 MP: 4/4
   273 | D:1      | Reached XP level 2. HP: 15/15 MP: 4/6
   368 | D:1      | Found a faded altar of an unknown god.
  1092 | D:2      | Reached XP level 3. HP: 19/19 MP: 2/7
  1095 | D:2      | Learned a level 2 spell: Static Discharge
  1343 | D:2      | Noticed Terence
  1467 | D:3      | Reached XP level 4. HP: 18/24 MP: 0/8
  1542 | D:3      | !bestwep
  1696 | D:3      | Found a sacrificial altar of Ru.
  1698 | D:3      | Found a hazy altar of Hepliaklqana.
  1863 | D:3      | Reached skill level 5 in Air Magic
  1895 | D:3      | Gained mutation: Your magical nature lets you fly swiftly
                  | and evasively. [Tengu growth]
  1895 | D:3      | Reached XP level 5. HP: 21/28 MP: 2/10
  2022 | D:3      | Learned a level 3 spell: Swiftness
  2364 | D:3      | Learned a level 4 spell: Airstrike
  3129 | D:2      | Killed Terence
  3957 | D:4      | Reached skill level 6 in Air Magic
  3957 | D:4      | Reached XP level 6. HP: 26/32 MP: 1/12
  4321 | D:4      | Found a sparkling altar of Nemelex Xobeh.
  4364 | D:5      | Entered Level 5 of the Dungeon
  4412 | D:5      | Noticed a wyvern
  4419 | D:5      | Killed a wyvern
  4420 | D:5      | Reached skill level 7 in Air Magic
  4545 | D:5      | Noticed an orc warrior
  4695 | D:5      | Reached XP level 7. HP: 23/36 MP: 10/13
  5182 | D:5      | Reached skill level 8 in Air Magic
  5309 | D:5      | Found a runed translucent door.
  5310 | D:5      | Noticed Crazy Yiuf
  5754 | D:5      | Killed Crazy Yiuf
  5755 | D:5      | Reached skill level 5 in Spellcasting
  5883 | D:5      | Upgraded the game from 0.29-a0-307-gecccbbdb84 to
                  | 0.29-a0-311-gcbd9eb2193
  5977 | D:6      | Found a glowing silver altar of Zin.
  6239 | D:6      | Found a staircase to the Ecumenical Temple.
  6249 | Temple   | Entered the Ecumenical Temple
  6503 | Temple   | Became a worshipper of Vehumet
  6587 | D:6      | Reached XP level 8. HP: 29/41 MP: 7/16
  7274 | D:7      | Found Dysh's Desiderata Depot.
  7284 | D:7      | Bought 6 curare-tipped darts for 46 gold pieces
  7305 | D:7      | Reached skill level 5 in Stealth
  7327 | D:7      | Identified the +5 rapier of the Goat {vamp, rC+ Dex+2}
  7345 | D:7      | Reached skill level 1 in Evocations
  7696 | D:7      | Found Onimamil's Armour Boutique.
  8079 | D:7      | Reached XP level 9. HP: 45/45 MP: 14/19
  8153 | D:7      | Identified a scroll of acquirement
  8154 | D:7      | Acquired the ring "Beth" {Drain rPois Will+ Int+4}
  8721 | D:8      | Reached * piety under Vehumet
  8721 | D:8      | Offered knowledge of Magic Dart by Vehumet.
  8722 | D:8      | Reached skill level 9 in Air Magic
  9571 | D:8      | Reached skill level 5 in Evocations
  9949 | D:8      | Reached skill level 5 in Dodging
  9949 | D:8      | Reached skill level 10 in Air Magic
 10479 | D:9      | Noticed a two-headed ogre
 10502 | D:9      | Reached skill level 11 in Air Magic
 10570 | D:8      | Reached XP level 10. HP: 21/50 MP: 6/20
 10574 | D:8      | Reached skill level 12 in Air Magic
 10575 | D:8      | Reached skill level 1 in Fighting
 11336 | D:9      | Found a transporter.
 11360 | D:9      | Noticed a moth of wrath
 11364 | D:9      | Noticed a tengu warrior
 11366 | D:9      | Noticed robertstho's ghost (novice DEFE)
 11376 | D:9      | Noticed a two-headed ogre
 11410 | D:9      | Reached skill level 1 in Short Blades
 11666 | D:9      | Found a transporter.
 11671 | D:9      | Found a bloodstained altar of Trog.
 11705 | D:9      | Offered knowledge of Foxfire by Vehumet.
 11706 | D:9      | Reached ** piety under Vehumet
 12434 | D:8      | Reached skill level 5 in Fighting
 12605 | D:8      | !bestwep
 12869 | D:9      | Reached XP level 11. HP: 48/64 MP: 18/22
 13041 | D:9      | Found a staircase to the Lair.
 13415 | D:9      | Offered knowledge of Inner Flame by Vehumet.
 13532 | D:9      | Noticed a manticore
 13537 | D:9      | Killed a manticore
 13905 | D:9      | Killed a two-headed ogre
 13906 | D:9      | Reached skill level 13 in Air Magic
 14016 | D:9      | !bestwep
 14096 | Lair:1   | Entered Level 1 of the Lair of Beasts
 14410 | Lair:1   | Learned a level 3 spell: Inner Flame
 14427 | Lair:1   | Noticed a five-headed hydra
 14769 | Lair:1   | Reached skill level 5 in Short Blades
 14769 | Lair:1   | Reached skill level 1 in Fire Magic
 14769 | Lair:1   | Reached *** piety under Vehumet
 14880 | Lair:1   | Reached skill level 1 in Hexes
 14970 | Lair:1   | Noticed Joseph
 14983 | Lair:1   | Killed Joseph
 15514 | Lair:1   | Killed a five-headed hydra
 15515 | Lair:1   | Reached skill level 5 in Conjurations
 16155 | Lair:1   | Reached XP level 12. HP: 64/72 MP: 20/24
 16169 | Lair:1   | Offered knowledge of Dazzling Flash by Vehumet.
 16170 | Lair:1   | Reached skill level 14 in Air Magic
 16483 | Lair:1   | Learned a level 3 spell: Stone Arrow
 17432 | Lair:2   | Reached skill level 1 in Earth Magic
 17837 | Lair:2   | Identified the +11 short sword of Yxtal {drain, MP+9}
 17886 | Lair:2   | Reached **** piety under Vehumet
 18007 | Lair:2   | Found a staircase to the Shoals.
 19152 | Lair:1   | Offered knowledge of Sticky Flame by Vehumet.
 19166 | D:9      | Learned a level 4 spell: Sticky Flame
 19529 | Lair:3   | Found a staircase to the Snake Pit.
 19760 | Lair:3   | Reached XP level 13. HP: 72/79 MP: 23/26
 20156 | Lair:3   | Noticed an ice dragon
 20632 | Lair:4   | Killed from afar by a rime drake

Illustrated notes # #.###. #.o...### ........# #######)# #@# #.# #<# ### Turn 1542 on D:3: !bestwep

### ### ## #.######### #.### .#
##........## ##..# ##
##........## ##.. # ##........#
##. ## ##.......## ## .#
#..#.....## # ## ######..#....@##
# #...##..##.....# #
#........#.....##
####.........#.....## ######
#............##.....## ##....#
..............##.....## #......
...............#......## #.....#
........#####..........## #.....#
.#########..............###....##


Turn 12605 on D:8: !bestwep ...## #......# ...# #......# ..## #......## ..#
#)......# .## #......## ## #..##### # #...## # #....## ##.#.@.## #..##...#
##.#####.# #..#####.# ###.....##.# ##........#.# ##.....<.....# #............##
#.............# Turn 14016 on D:9: !bestwep

Levels and vault maps discovered:
D:1:      lightli_arrival_maybe_door_vault, layout_rooms,
          shapermc_ecumenical_altar_acropolis, serial_rivers,
          chequers_serial_rivers_large_b, chequers_serial_rivers_micro_e,
          chequers_serial_rivers_small_3, chequers_serial_rivers_marsh,
          glass_columns_a
D:2:      layout_basic, kennysheep_generic_room_3, uniq_terence
D:3:      cheibrodos_helix_gallery, layout_basic,
          chequers_temple_overflow_statue_of_worship
D:4:      layout_cave_pools, nemelex_dance_club_becter
D:5:      layout_gridville, uniq_crazy_yiuf_cottage
D:6:      layout_gridville, mainiacjoe_overflow_paths,
          minmay_temple_entry_statues_fountains
D:7:      layout_loops_ring, serial_shops, nicolae_square_shop,
          nicolae_alphabet_shops, nicolae_grassy_gnolls
D:8:      layout_cave_pods
D:9:      layout_cave_pods, lair_entry_dummy, gammafunk_ghost_wrathful_warriors,
          dreamdust_princess_bridge
Temple:   eino_narrow_crystal_temple
Lair:1:   hellmonk_destroyed_diamonds, layout_misc_corridors, evilmike_ambush
          [evilmike_ambush_outer_pillars, evilmike_ambush_inner_pond],
          lemuel_fruit_fields, uniq_joseph
Lair:2:   layout_roguey, minmay_shoals_entry_lonely_mermaid
Lair:3:   dreamdust_isle_of_ice, layout_gridlike,
          minmay_snake_entry_guardpost_large
Lair:4:   layout_gridlike, basic_altar, beast_lair_carwin_11

Skill      XL: |  1  2  3  4  5  6  7  8  9 10 11 12 13 |
---------------+----------------------------------------+-----
Conjurations   | 2 3 4 5 9 |  9.4
Stealth        | 3 4 5 |  5.0
Air Magic      | 5 6 7 8 11 12 13 14 | 14.0
Spellcasting   | 3 5 6 7 8 |  8.0
Evocations     | 3 5 |  5.0
Dodging        | 3 6 7 8 |  8.0
Fighting       | 5 7 8 |  8.7
Short Blades   | 4 5 6 |  6.8
Fire Magic     | 3 4 |  4.0
Hexes          | 2 3 |  3.2
Earth Magic    | 2 |  2.0

Action                   |  1- 3 |  4- 6 |  7- 9 | 10-12 | 13-15 || total
-------------------------+-------+-------+-------+-------+-------++-------
Melee: Unarmed           |     2 |       |       |       |       ||     2
       Dagger            |     1 |     6 |       |       |       ||     7
       Short sword       |       |    23 |     8 |       |       ||    31
       Peck              |       |     5 |     8 |    26 |       ||    39
       Kick              |       |     4 |    12 |    42 |     3 ||    61
       Punch             |       |     2 |       |     4 |       ||     6
       Rapier            |       |       |    36 |   117 |     9 ||   162
 Cast: Shock             |    55 |    73 |    78 |    47 |     2 ||   255
       Static Discharge  |       |    32 |    28 |    75 |     3 ||   138
       Airstrike         |       |     1 |    28 |    81 |    10 ||   120
       Swiftness         |       |       |     1 |     1 |       ||     2
       Inner Flame       |       |       |       |    19 |       ||    19
       Stone Arrow       |       |       |       |    16 |       ||    16
       Sticky Flame      |       |       |       |     5 |     8 ||    13
Evoke: Wand              |       |       |       |     2 |     1 ||     3
  Use: Scroll            |       |     6 |    13 |     3 |       ||    22
       Potion            |       |       |       |     2 |       ||     2
 Stab: Sleeping          |     1 |     1 |     3 |     8 |     1 ||    14
       Paralysed         |       |       |       |     3 |       ||     3
Armor: Robe              |     8 |       |       |       |       ||     8
       Leather armour    |       |    24 |     4 |       |       ||    28
       Steam dragon scal |       |       |     6 |    27 |     3 ||    36
Dodge: Dodged            |    10 |    36 |    69 |   226 |    15 ||   356

Table legend: (Time is in decaauts)
 A = Elapsed time spent in this place.
 B = Non-inter-level travel time spent in this place.
 C = Inter-level travel time spent in this place.
 D = Time resting spent in this place.
 E = Time spent auto-exploring this place.
 F = Levels seen in this place.
 G = Mean time per level.
                   A        B        C        D        E       F      G
               +--------+--------+--------+--------+--------+-----+--------+
         Total |  19855 |  18867 |    988 |   3338 |  12460 |  14 | 1418.2 |
       Dungeon |  14270 |  13467 |    803 |   2676 |   8604 |   9 | 1585.6 |
        Temple |    235 |    221 |     14 |      0 |    204 |   1 |  235.0 |
          Lair |   5349 |   5179 |    170 |    661 |   3651 |   4 | 1337.2 |
               +--------+--------+--------+--------+--------+-----+--------+

Top non-repeatable levels by time:
     D:8: 3028 daAuts
     D:9: 2731 daAuts
  Lair:1: 2222 daAuts
     D:7: 1595 daAuts
  Lair:3: 1553 daAuts
  Lair:2: 1482 daAuts
     D:5: 1456 daAuts
     D:2: 1401 daAuts
     D:3: 1277 daAuts
     D:6: 1191 daAuts
     D:1: 1021 daAuts
     D:4: 567 daAuts
  Temple: 235 daAuts
  Lair:4: 91 daAuts
